 Dungeon Crawl Stone Soup version 0.18-a0-952-g309898a (webtiles) character file.

1320 Jmtri7 the Shield-Bearer (level 8, -7/71 HPs)
             Began as a Minotaur Fighter on Jan 1, 2016.
             Was an Initiate of Cheibriados.
             Splashed by the fury of Makhleb's acid (14 damage)
             ... on level 6 of the Dungeon.
             The game lasted 00:27:59 (3306 turns).

Jmtri7 the Shield-Bearer (Minotaur Fighter)         Turns: 3306, Time: 00:27:59

Health: -7/71      AC: 18    Str: 25    XL:     8   Next: 33%
Magic:  7/7        EV:  5    Int:  6    God:    Cheibriados [......]
Gold:   245        SH: 16    Dex: 10    Spells: 0 memorised, 7 levels left

rFire  . . .     SeeInvis .     D - +1 spear (pierce)
rCold  . . .     Gourm    .     y - +1 plate armour
rNeg   . . .     Faith    .     c - +0 shield
rPois  .         Spirit   .     (helmet restricted)
rElec  .         Dismiss  .     h - +1 cloak
rCorr  .         Reflect  +     w - +0 pair of gloves
SustAt .         Harm     .     (no boots)
MR     .....                    t - +5 amulet of reflection
Stlth  ..........               q - ring of flight
                                (no ring)

@: very slow, not resistant to hostile enchantments, extremely unstealthy
A: retaliatory headbutt, horns 2
a: Bend Time, Renounce Religion, Evoke Flight


You were on level 6 of the Dungeon.
You worshipped Cheibriados.
Cheibriados was noncommittal.
You were not hungry.

You visited 2 branches of the dungeon, and saw 7 of its levels.
You also visited: Sewer.

You collected 245 gold pieces.

Inventory:

Hand Weapons
 o - a +0 shortbow
 u - a +0 blowgun
 D - a +1 spear of piercing (weapon)
Missiles
 b - 22 poisoned needles
 r - 32 arrows
 H - 15 stones (quivered)
Armour
 c - a +0 shield (worn)
 h - a +1 cloak (worn)
 w - a +0 pair of gloves (worn)
 y - a +1 plate armour (worn)
Jewellery
 k - an uncursed ring of fire
 q - a ring of flight (right hand)
 t - a +5 amulet of reflection (around neck)
Wands
 l - a wand of enslavement (12/24)
Scrolls
 e - 3 scrolls of identify
 g - 4 scrolls of teleportation
Potions
 a - 2 potions of resistance {unknown}
 d - 3 potions of might
 i - 4 potions of ambrosia
 j - a potion of flight {unknown}
 n - 2 potions of brilliance {unknown}
 p - a potion of poison {unknown}
 s - 7 potions of heal wounds {unknown}
 v - 4 potions of curing {unknown}
 z - 3 potions of mutation {unknown}
 B - a potion of invisibility {unknown}
 J - a potion of agility {unknown}
Books
 E - a book of Geomancy

   Spells                             Type                      Level
   a - Sandblast                      Earth                        1
   b - Stoneskin                      Transmutation/Earth          2
   c - Passwall                       Transmutation/Earth          3
   d - Stone Arrow                    Conjuration/Earth            3
   e - Petrify                        Transmutation/Earth          4
   f - Lee's Rapid Deconstruction     Earth                        5
Comestibles
 f - a bread ration
 m - 3 beef jerkies
 x - a royal jelly


   Skills:
 - Level 6.4 Fighting
   Level 3.4 Maces & Flails
 + Level 4.4 Polearms
 + Level 7.5 Armour
 + Level 7.7 Shields


You had 7 spell levels left.
You didn't know any spells.

Dungeon Overview and Level Annotations

Branches:
Dungeon (6/15)             Temple (1/1) D:6

Altars:
Ashenzari
Cheibriados
Dithmenos
Elyvilon
Kikubaaqudgha
Makhleb
Nemelex Xobeh
Okawaru
Pakellas
Qazlal
Ru
Sif Muna
Trog
Vehumet
Xom
Yredelemnul
Zin


Innate Abilities, Weirdness & Mutations

You reflexively headbutt those who attack you in melee.
You have a pair of horns on your head.


Message History

The orc priest is severely wounded.
You block the orc priest's attack.
Your shield prevents you from hitting the orc priest.
The orc priest is severely wounded.
The orc priest hits you but does no damage.
You hit the orc priest.
You kill the orc priest!
Cheibriados appreciates the change of pace.
You hit the ogre but do no damage. The ogre hits you with a giant club!
* * * LOW HITPOINT WARNING * * *
You hit the ogre but do no damage. You hit the ogre. You headbutt the ogre!
The ogre is heavily wounded.
You block the ogre's attack.
You hit the ogre.
The ogre is severely wounded.
The ogre hits you but does no damage.
Makhleb rains destruction down upon you!
The splash of acid hits you!
The acid burns!
You die...

# ####. #.
.....
##.#######.....
#..............
#.......?......
#..............
#.....)........
#....).@O......
#..............
#.........#(...
#.........# ...
#.........# .
#.........#
########.##
##...## ..
####.....##...
#


You could see an ogre and the fury of Makhleb (unaware).

Vanquished Creatures
  A black bear (D:6)
  An orc warrior (D:6)
  2 ogres (D:5)
  3 big kobolds (Sewer)
  A scorpion (D:4)
  2 crimson imps
  A hound (D:6)
  An orc wizard (D:4)
  A centaur skeleton (D:4)
  A giant frog skeleton (D:4)
  4 orc priests
  3 worker ants
  An iguana (D:4)
  4 river rats (D:5)
  7 adders
  4 oozes
  4 worms
  An adder skeleton (D:4)
  2 giant geckos (D:2)
  20 orcs
  4 ball pythons
  4 bats
  6 giant cockroaches
  9 hobgoblins
  2 jackals (D:3)
  14 kobolds
  A giant gecko skeleton (D:6)
  9 giant newts
  3 goblins
  A jackal skeleton (D:4)
  2 quokkas (D:4)
  A quokka skeleton (D:4)
  38 rats
158 creatures vanquished.

Vanquished Creatures (others)
  A centaur (D:5)
1 creature vanquished.

Grand Total: 159 creatures vanquished

Notes
Turn   | Place    | Note
--------------------------------------------------------------
     0 | D:1      | Jmtri7 the Minotaur Fighter began the quest for the Orb.
     0 | D:1      | Reached XP level 1. HP: 19/19 MP: 0/0
    44 | D:1      | Reached XP level 2. HP: 10/27 MP: 1/1
    52 | D:1      | Reached skill level 4 in Fighting
   323 | D:2      | Reached XP level 3. HP: 33/33 MP: 2/2
   333 | D:2      | Found a glowing silver altar of Zin.
   511 | D:2      | Found a sparkling altar of Nemelex Xobeh.
   549 | D:2      | Found a sacrificial altar of Ru.
   582 | D:2      | Reached XP level 4. HP: 27/41 MP: 3/3
  1010 | D:3      | Found a faded altar to an unknown god.
  1200 | D:3      | Reached skill level 5 in Armour
  1328 | D:3      | Reached skill level 5 in Fighting
  1328 | D:3      | Reached skill level 5 in Shields
  1328 | D:3      | Reached XP level 5. HP: 44/48 MP: 4/4
  1580 | D:4      | Reached XP level 6. HP: 53/56 MP: 5/5
  1663 | D:4      | Found a burning altar of Makhleb.
  1668 | D:4      | Became a worshipper of Makhleb the Destroyer
  1926 | D:4      | Reached skill level 1 in Polearms
  1926 | D:4      | Reached skill level 6 in Shields
  1953 | D:5      | Entered Level 5 of the Dungeon
  2015 | D:5      | Found a glowing drain.
  2037 | D:5      | Reached * piety under Makhleb
  2069 | D:5      | Reached XP level 7. HP: 60/63 MP: 6/6
  2075 | Sewer    | Entered a sewer
  2529 | Sewer    | Reached ** piety under Makhleb
  2634 | D:5      | Found a shimmering altar of Xom.
  2666 | D:5      | Reached skill level 7 in Shields
  3034 | D:6      | Found a staircase to the Ecumenical Temple.
  3048 | D:6      | Reached XP level 8. HP: 69/71 MP: 7/7
  3055 | Temple   | Entered the Ecumenical Temple
  3151 | Temple   | Fell from the grace of Makhleb
  3151 | Temple   | Became a worshipper of Cheibriados the Contemplative
  3267 | D:6      | Found a deep blue altar of Sif Muna.
  3306 | D:6      | Splashed by the fury of Makhleb's acid

Vault maps used:
D:1:      dpeg_chamrin_arrival_tetris, minivault_19
D:2:      nicolae_overflow_crystal_walls, nicolae_ru_sacrificial_ziggurat,
          nemelex_dance_club_becter
D:3:      kennysheep_six_static_rooms, first_bread, ecumenical_altar_2,
          minmay_rats_cheesy_pizza
D:4:      lemuel_crystal_altar
D:5:      nicolae_overflow_hidden_temple, portal_sewer_entry_c
D:6:      lemuel_round_altar, tso_oasis_becter, minmay_temple_entry_purple_smoke
Temple:   triangle_lava_temple_11
Sewer:    kennysheep_pipe_town

Action                   |  1- 3 |  4- 6 |  7- 9 || total
-------------------------+-------+-------+-------++-------
Melee: Flail             |    94 |   171 |       ||   265
       Dagger            |       |     7 |       ||     7
       Spear             |       |    74 |   169 ||   243
Invok: Bend Time         |       |       |     1 ||     1
  Use: Scroll            |     3 |     3 |     8 ||    14
  Eat: Pizza             |       |     1 |       ||     1
       Bread ration      |       |     1 |     1 ||     2
